[Event "*** SCC Grand Prix: Titled Tuesday Blitz"]
[Site "Chess.com"]
[Date "2020.07.14"]
[Round "4"]
[White "BabyFacedAssasin"]
[Black "LuckSlayeer"]
[Result "1-0"]
[WhiteElo "2237"]
[BlackElo "2394"]
[TimeControl "180+1"]
[EndTime "10:41:20 PDT"]
[Termination "BabyFacedAssasin won by resignation"]

1. e4 c5 2. Nf3 Nc6 3. Bb5 g6 4. Bxc6 dxc6 5. d3 Bg7 6. h3 Nf6 7. a4 c4 8. e5 Nd7 9. d4 c5 10. c3 cxd4 11. cxd4 Nb6 12. Nc3 Bf5 13. O-O O-O 14. b3 Rc8 15. Bb2 Nd5 16. bxc4 Nxc3 17. Bxc3 Rxc4 18. Bb2 Qd5 19. Qb3 Rd8 20. Qb5 Bd3 21.
Rfd1 Be2 22. Qxd5 Rxd5 23. Rdc1 Bh6 24. Rxc4 Bxc4 25. Bc1 Bf8 26. Ba3 Ra5 27. Bb4 Ra6 28.
a5 Bd5 29. Rc1 Rc6 30. Rxc6 Bxc6 31. Nd2 Kg7 32. Nb3 b6 33. axb6 axb6 34. f4 Bd5 35. Nd2 f6 36. Nf1 Kf7 37. Ne3 e6 38. Bxf8 Kxf8 39. Kf2 fxe5 40. dxe5 Bb3 41. g4 Ke7 42. Ke2 b5 43. Kd2 Kd7 44. Kc3 Ba2 45. Kb4 Kc6 46. Nc2 Bb1 47. Nd4+ Kd7 48. Kxb5 Be4 49. Kc5 Bg2 50. h4 Bh3 51. g5 Bg2 52. Nb5 Bd5 53. Nd6 Bf3 54. Nf7 Ke7 55. Nh6 Be2 56.
Kc6 Bd3 57. Ng4 Be2 58. Nf6 Kf7 59. Nxh7 Bd3 60. Nf6 Be2 61. Kd6 Bd1 62. Nd7 Be2 63. Nc5 Bg4 64. Nb7 Bh3 65. Nd8+ Kg7 66. Nxe6+ Kf7 67.
Nd4 Bg4 68. e6+ Ke8 69. e7 Kf7 70. Nc6 Bh3 71. Ne5+ Ke8 72. Nxg6 Bf5 73. Ne5 Be6 74. Nd3 Bg8 75. h5 Bf7 76. g6 Bxg6 77. Ne5 Bxh5 78. f5 Bf7 79. f6 Bh5 80. Nc6 Bg4 81.
Nb4 Be6 82. Na6 Kf7 83. Nc7 Bd7 84. Kxd7 Kxf6 85. e8=Q 1-0

[Event "*** SCC Grand Prix: Titled Tuesday Blitz"]
[Site "Chess.com"]
[Date "2020.07.14"]
[Round "4"]
[White "White_Ghost"]
[Black "124chess"]
[Result "1/2-1/2"]
[WhiteElo "2490"]
[BlackElo "2682"]
[TimeControl "180+1"]
[EndTime "10:41:21 PDT"]
[Termination "Game drawn by agreement"]

1. d4 Nf6 2. c4 e6 3. Nf3 d5 4. g3 a6 5. cxd5 exd5 6. Bg2 Bd6 7.
O-O O-O 8. Nc3 c6 9. Ne5 Nbd7 10.
f4 Re8 11. h3 Nf8 12. Qd3 Ng6 13. e3 Nd7 14. Bd2 Ndf8 15. Rae1 f6 16. Nf3 Ne7 17.
g4 a5 18. e4 dxe4 19. Nxe4 Bc7 20. f5 Nd5 21. Nc5 b6 22. Rxe8 Qxe8 23. Re1 Qf7 24. Ne4 Nb4 25. Qc3 Bb7 26. a3 Nd5 27. Qc4 h6 28. h4 Re8 29. g5 fxg5 30. hxg5 Bc8 31. gxh6 Bxf5 32. hxg7 Qxg7 33. Qxc6 Nf6 34. Qc4+ Be6 35.
Qd3 Nxe4 36. Qxe4 Bf7 37. Ne5 Bxe5 38. dxe5 Bg6 39. Qc4+ Ne6 40. Qe2 Bf5 41. Bc3 Bh3 42. Qf3 Bxg2 43. Qxg2 Qxg2+ 44. Kxg2 Kf7 45. Kf3 Ke7 46.
Ke4 Rg8 47. Rh1 Rg4+ 48. Kd3 Rg3+ 49. Kc2 Kd7 50. Rh6 Rg4 51. Kb3 a4+ 52. Kc2 b5 53. Kd3 Nc5+ 54. Kc2 Ne6 55. Rh7+ Kc6 56. Re7 Kd5 57.
Rd7+ Kc4 58. Rc7+ Kd5 59. Rd7+ Ke4 60. Rd2 Kf5 61. Rf2+ Ke4 62. Kd2 Rg3 63. Re2+ Kd5 64. Kc2 Nc5 65. Rd2+ Ke6 66. Rd6+ Kf5 67. Rf6+ Kg5 68.
e6 Rxc3+ 69. Kxc3 Kxf6 70. Kb4 Nd3+ 71. Kc3 Ne5 72. Kb4 Nc4 73. Kxb5 Nxb2 74. Kb4 Kxe6 75. Kc3 Nd1+ 76. Kb4 Nb2 77. Kc3 1/2-1/2

[Event "*** SCC Grand Prix: Titled Tuesday Blitz"]
[Site "Chess.com"]
[Date "2020.07.14"]
[Round "4"]
[White "Paladin61"]
[Black "vova-79"]
[Result "1-0"]
[WhiteElo "2658"]
[BlackElo "2466"]
[TimeControl "180+1"]
[EndTime "10:41:22 PDT"]
[Termination "Paladin61 won on time"]

1. b3 d5 2. Bb2 Bf5 3. Nf3 e6 4. g3 c6 5. Bg2 h6 6. O-O Nd7 7. d3 Ngf6 8. Nbd2 Bh7 9. c4 Bc5 10. a3 a5 11. Qc2 O-O 12. Bc3 Qe7 13. Qb2 Rfe8 14. Ne5 Nxe5 15. Bxe5 Bd6 16. Nf3 Bxe5 17. Nxe5 Nd7 18. Nxd7 Qxd7 19. Rfc1 d4 20. b4 axb4 21. axb4 e5 22. Rxa8 Rxa8 23. Ra1 Qe8 24. Ra5 Bg6 25. f3 f6 26. Bh3 Qd8 27. Qa3 Rb8 28. Ra7 Qc7 29. Qa5 Qxa5 30. bxa5 f5 31. Kf2 e4 32. Ke1 Kf8 33. fxe4 fxe4 34. Kd2 Kg8 35. Be6+ Kf8 36. Bg4 Kg8 37. h4 exd3 38. exd3 Kf8 39. h5 Be8 40. Bf3 Ke7 41. a6 Kd6 42. axb7 Kc7 43. Ra5 Rxb7 44. Re5 Kd8 45. c5 Re7 46. Rf5 Rf7 47. Rxf7 Bxf7 48. g4 Kd7 49. Ke2 Bb3 50. Be4 Bc2 51. Kf3 Bd1+ 52. Kf4 Kc7 53. Bf5 Kd8 54.
Ke5 Ke7 55. Kxd4 Kf6 56. Ke3 Kg5 57. Bd7 Bxg4 58. Bxc6 Bxh5 59. d4 Kf6 60. Be4 g5 61. d5 Ke5 62. d6 Be8 63. Bb7 1-0

[Event "*** SCC Grand Prix: Titled Tuesday Blitz"]
[Site "Chess.com"]
[Date "2020.07.14"]
[Round "4"]
[White "ViktoriyaTarasova"]
[Black "zajka-molotok"]
[Result "0-1"]
[WhiteElo "2226"]
[BlackElo "2412"]
[TimeControl "180+1"]
[EndTime "10:41:23 PDT"]
[Termination "zajka-molotok won by resignation"]

1. d4 d5 2. c4 dxc4 3. e4 Nf6 4. e5 Nd5 5. Bxc4 Nb6 6. Bb3 Nc6 7. Ne2 Bg4 8. f3 Bf5 9. Nbc3 e6 10. O-O Be7 11.
a4 a5 12. Be3 Nb4 13. Ng3 Bg6 14. f4 Bd3 15. Rf2 g6 16. Nge4 O-O 17. Nc5 Bxc5 18. dxc5 N6d5 19. Nxd5 exd5 20. Bd4 Be4 21. Qg4 Nc6 22.
Be3 Ne7 23. Rd1 c6 24. Qe2 Nf5 25. Bc1 Qe7 26. g4 Nh4 27. Be3 Qe6 28. Rdf1 Nf3+ 29. Rxf3 Qxg4+ 30. Kh1 f6 31. Bd4 Qxf4 32. Qe3 Bxf3+ 33.
Rxf3 Qxe3 34. Rxe3 fxe5 35. Rxe5 Rae8 36. Rxe8 Rxe8 37. Bc3 Ra8 38. Kg2 Kf7 39. Kf3 Ke6 40. Kf4 h6 41. Bd1 Rf8+ 42. Ke3 g5 43. Bg4+ Ke7 44.
Bxa5 Rf4 45. Bd1 Rc4 46. b4 Ke6 47. Be2 Re4+ 48. Kf2 d4 49. Bc4+ Kf6 50. Bd8+ Kg7 51. Kf3 Rf4+ 52. Kg3 Re4 53. Bc7 d3 54. Bxd3 Re3+ 55. Kg4 Rxd3 56. Be5+ Kg6 57. b5 Rb3 58. h4 cxb5 59. hxg5 hxg5 60. axb5 Rxb5 61. Bd6 Rb4+ 62.
Kg3 Rc4 63. Kf2 Kf5 64. Ke3 g4 65. Kd3 Re4 66. Kd2 Re6 67. Kd3 Rg6 68. Bg3 Ke6 69. Kc4 Kf5 70. Kb5 Ke4 71. Bd6 Kf3 72. Kb6 g3 73. Kxb7 g2 74. Bh2 Kf2 75. Bg1+ Kxg1 76.
c6 Rxc6 77. Kxc6 Kf2 78. Kd5 g1=Q 79. Ke4 Qg3 0-1

[Event "*** SCC Grand Prix: Titled Tuesday Blitz"]
[Site "Chess.com"]
[Date "2020.07.14"]
[Round "4"]
[White "Jospem"]
[Black "PrinceMurad09"]
[Result "1-0"]
[WhiteElo "2810"]
[BlackElo "2517"]
[TimeControl "180+1"]
[EndTime "10:41:26 PDT"]
[Termination "Jospem won by checkmate"]

1. e4 c5 2. Nf3 d6 3. c3 Nf6 4. Bd3 e5 5. Bc2 Be7 6. d4 Qc7 7. d5 O-O 8. a4 Nbd7 9. Na3 a6 10.
O-O Rb8 11. Qe2 Ne8 12. Nd2 g6 13. Ndc4 Ng7 14. a5 b5 15. axb6 Nxb6 16. Na5 f5 17. N3c4 Nxc4 18. Nxc4 f4 19. f3 g5 20. h3 h5 21. Bd1 Rf6 22. Qd3 Rg6 23. Kf2 g4 24. hxg4 hxg4 25. fxg4 Bxg4 26. Bxg4 Rxg4 27. Rh1 Bh4+ 28. Kf1 Rg3 29. Qd1 Qe7 30. Nd2 Ra8 31. Nf3 Bf6 32. Bd2 Qb7 33. Be1 Qb5+ 34. Kg1 Rg6 35.
b3 Rb8 36. Ra3 Bd8 37. c4 Qb7 38. Kf1 Ne8 39. Qd3 Nf6 40. Rh3 Ng4 41. Bd2 Qg7 42.
Rxa6 Nh6 43. Qe2 Nf7 44. Ra3 Ng5 45. Nxg5 Rxg5 46. Rf3 Qh6 47. Rh3 Qg6 48. Be1 Rg4 49.
Qf3 Be7 50. Ra7 Re8 51. Rd7 Bf8 52. Ra7 Re7 53. Ra8 Rb7 54. Rh4 Rg5 55. Rh3 Rg4 56. Bh4 Kf7 57. Be1 Be7 58. Ra2 Rc7 59. Ra6 Rb7 60.
Qe2 Bd8 61. Ra4 Be7 62. Qf3 Qg8 63. Ra2 Qg7 64. g3 Qg6 65. Rg2 Ke8 66. Ke2 Bf8 67.
Rhh2 Rf7 68. gxf4 Rfxf4 69. Rxg4 Rxg4 70. Kd3 Rf4 71. Qg2 Qxg2 72. Rxg2 Rf3+ 73. Kc2 Rf4 74.
Re2 Bh6 75. b4 cxb4 76. Bxb4 Kd7 77. Bd2 Rh4 78. Bb4 Bf4 79. c5 dxc5 80. Bxc5 Bg3 81.
Kd3 Rh3 82. Kc4 Bf4 83. Ra2 Rh1 84. Ra7+ Kc8 85. Rf7 Rc1+ 86. Kb5 Re1 87. Kc6 Kb8 88. Rf8# 1-0

[Event "*** SCC Grand Prix: Titled Tuesday Blitz"]
[Site "Chess.com"]
[Date "2020.07.14"]
[Round "4"]
[White "vesalhamedinia"]
[Black "rynos0411"]
[Result "1/2-1/2"]
[WhiteElo "2222"]
[BlackElo "2399"]
[TimeControl "180+1"]
[EndTime "10:41:27 PDT"]
[Termination "Game drawn - insufficient material"]

1. d4 d5 2. c4 c6 3. cxd5 cxd5 4. Nc3 Nf6 5. Bf4 Nc6 6. e3 a6 7. Bd3 Bg4 8. Qb3 Qd7 9. Nge2 e6 10. O-O Be7 11.
h3 Bh5 12. Ng3 Bg6 13. Bxg6 hxg6 14. Na4 Na5 15. Qd1 Qb5 16. b3 O-O 17. Rc1 Rac8 18.
Qd2 Bb4 19. Qb2 Nc4 20. bxc4 Qxa4 21. Qb3 Qxb3 22. axb3 Rc6 23. cxd5 Nxd5 24. Rxc6 bxc6 25. Rc1 Rc8 26. Ne4 a5 27. g4 Nxf4 28. exf4 Kf8 29. Kg2 Ke7 30. Kf3 f5 31. Ng5 Rd8 32. Ke3 Rd6 33.
Nf3 c5 34. dxc5 Rc6 35. Ne5 Rxc5 36. Rd1 Rc3+ 37. Rd3 Bc5+ 38. Ke2 Rc2+ 39. Rd2 Rxd2+ 40.
Kxd2 Bxf2 41. Nxg6+ Kf6 42. Kd3 Bg3 43. Ne5 Bxf4 44.
Nc4 Bc7 45. gxf5 exf5 46. Ke3 Kg5 47. Kf3 Kh4 48. Ne3 g6 49. Nd5 Bd8 50. Nf4 g5 51.
Ne6 Bb6 52. Ng7 g4+ 53. hxg4 fxg4+ 54. Kg2 Kg5 55. Ne6+ Kf5 56. Ng7+ Ke4 57. Kg3 Kd3 58. Kxg4 Kc3 59. Nf5 Kxb3 60. Ne7 Kc4 61. Nc6 a4 62. Ne5+ Kc3 63. Nd7 a3 64. Nxb6 a2 65. Nd5+ Kb3 66.
Kf5 a1=Q 67. Ke6 Qd4 68. Nf6 Kc4 69. Kf7 Qf2 70. Ke7 Qf1 71. Ke6 Kc5 72. Ke5 Qe2+ 73.
Ne4+ Kc4 74. Kf5 Kd3 75. Nc5+ Kd4 76. Ne6+ Kd3 77. Nf4+ Kd2 78. Nxe2 1/2-1/2

[Event "*** SCC Grand Prix: Titled Tuesday Blitz"]
[Site "Chess.com"]
[Date "2020.07.14"]
[Round "4"]
[White "colegiodemadrid"]
[Black "Nayemhaque22"]
[Result "0-1"]
[WhiteElo "2389"]
[BlackElo "2222"]
[TimeControl "180+1"]
[EndTime "10:41:27 PDT"]
[Termination "Nayemhaque22 won by resignation"]

1. d4 Nf6 2. c4 e6 3. Nc3 Bb4 4. Qc2 d5 5. Nf3 O-O 6. g3 a6 7. a3 Bxc3+ 8. Qxc3 dxc4 9. Qxc4 b5 10. Qc2 Bb7 11. Bg2 Nbd7 12. Bf4 Rc8 13. b4 Nb6 14. O-O Be4 15. Qc3 Nfd5 16. Qb3 Nxf4 17. gxf4 Bxf3 18. Bxf3 Qxd4 19. e3 Qc4 20. Qb2 Na4 21. Qe5 f6 22. Qh5 e5 23. Rfd1 e4 24. Bg4 Rcd8 25. Rdc1 Qf7 26.
Qh3 f5 27. Bh5 g6 28. Be2 Rd2 29. Qf1 Rfd8 30. Rc6 R8d7 31. Rxa6 Nc3 32. Bxb5 Rd1 33. Bxd7 Rxf1+ 34. Rxf1 Qxd7 35. Ra8+ Kg7 36. Ra5 Ne2+ 37. Kg2 Qe7 38. Re1 Nc3 39. Rc5 Na4 40. Rc4 Nb2 41.
Rc3 Nd3 42. Re2 Qh4 43. Rxc7+ Kh6 44. h3 Qd8 45. Rec2 Ne1+ 46. Kg3 Nxc2 47. Rxc2 Qd3 48.
Ra2 Qb3 49. Ra1 Qb2 50. Rd1 Qxa3 51. Rd4 Qb2 52. Kg2 Qb1 53. h4 Kh5 54. Rd7 Kg4 55. Rxh7 Qd1 56. h5 Qf3+ 57. Kf1 gxh5 58. Rg7+ Kh4 59. Rg3 Qd1+ 60. Kg2 Qb3 61. Rg5 Qxb4 62. Rxf5 Qe7 63. Rg5 Qe6 64. Rg3 Qf5 65. Kh2 Qe6 66.
Kg2 Qf5 67. f3 exf3+ 68. Kxf3 Qd5+ 69. Kf2 Qd2+ 70. Kf3 Qd1+ 71. Kg2 Qd2+ 72. Kf3 Qd1+ 73. Kg2 Qe2+ 74. Kh1 Kxg3 0-1

[Event "*** SCC Grand Prix: Titled Tuesday Blitz"]
[Site "Chess.com"]
[Date "2020.07.14"]
[Round "4"]
[White "Hikaru"]
[Black "exoticprincess"]
[Result "0-1"]
[WhiteElo "3194"]
[BlackElo "2801"]
[TimeControl "180+1"]
[EndTime "10:41:29 PDT"]
[Termination "exoticprincess won on time"]

1. Nf3 d5 2. e3 c6 3. c4 Nf6 4. d4 Bf5 5. Qb3 Qc7 6. cxd5 cxd5 7. Nc3 e6 8. Bd2 Nc6 9. Nh4 g6 10. f3 h5 11. g3 Bh6 12. Rc1 Qe7 13. Bb5 O-O 14. Ne2 Rfc8 15. Nxf5 exf5 16. Kf2 Qe6 17.
Bxc6 bxc6 18. Rc2 g5 19. Rf1 g4 20. Kg1 gxf3 21. Rxf3 Ne4 22. Nf4 Bxf4 23. Rxf4 Rab8 24.
Qd3 c5 25. dxc5 Rxc5 26. Bc3 Rbc8 27. Rh4 Qg6 28. Re2 Kh7 29. Kg2 Rg8 30. Be5 Rgc8 31. b4 Rc1 32. Qxd5 R8c2 33. Qd3 Qc6 34. b5 Nc5+ 35.
bxc6 Nxd3 36. Rxc2 Rxc2+ 37. Kh3 Nf2+ 38. Kg2 Ng4+ 39.
Kf1 Nxe3+ 40. Kg1 Rc1+ 41. Kf2 Ng4+ 42. Ke2 Nxe5 43. Rxh5+ Kg6 44. Rh8 Rxc6 45. Re8 f6 46. Ke3 Ra6 47. Rg8+ Kf7 48. Rh8 Rxa2 49. h4 Ra4 50. Kf2 Rg4 51. h5 f4 52. gxf4 Rxf4+ 53. Kg3 Rg4+ 54. Kh3 Rg5 55. Kh4 Nf3+ 56. Kh3 Kg7 57.
Ra8 Ne5 58. Rxa7+ Kh6 59. Ra6 Rxh5+ 60. Kg3 Rf5 61. Ra8 Rf3+ 62. Kh4 Rf4+ 63. Kg3 Rg4+ 64.
Kh3 Kg5 65. Rg8+ Kf5 66. Ra8 Rg6 67. Ra1 Rg7 68. Rf1+ Ke6 69. Ra1 Rh7+ 70. Kg3 Rg7+ 71. Kf4 Rg4+ 72. Ke3 Nc4+ 73. Kf3 Rd4 74. Ra6+ Nd6 75.
Ke3 Rb4 76. Ra8 f5 77. Kf3 Ke5 78. Ra5+ Rb5 79. Ra3 Ne4 80. Ke3 Rc5 81. Ra8 Rc3+ 82. Ke2 Kf4 83. Rf8 Rc2+ 84. Kd3 Rd2+ 85. Kc4 Kg4 86.
Rg8+ Kf3 87. Rf8 f4 0-1

[Event "*** SCC Grand Prix: Titled Tuesday Blitz"]
[Site "Chess.com"]
[Date "2020.07.14"]
[Round "4"]
[White "chesslh19"]
[Black "denispopov"]
[Result "1/2-1/2"]
[WhiteElo "2138"]
[BlackElo "1755"]
[TimeControl "180+1"]
[EndTime "10:41:29 PDT"]
[Termination "Game drawn by agreement"]

1. e4 c5 2. Nf3 Nc6 3. d4 cxd4 4. Nxd4 e5 5. Nb5 a6 6. Nd6+ Bxd6 7. Qxd6 Qf6 8. Qxf6 Nxf6 9. Nc3 Nb4 10. Bd3 d5 11.
exd5 Nbxd5 12. Nxd5 Nxd5 13. O-O O-O 14. Re1 f6 15.
Bc4 Be6 16. Bxd5 Bxd5 17. f4 e4 18. b3 Rfd8 19. c4 Bc6 20. Be3 f5 21. Rad1 Rd3 22.
Kf2 Rad8 23. Rxd3 Rxd3 24. Ke2 Kf7 25. Rd1 Rxd1 26. Kxd1 Ke6 27. Bd4 g6 28. Kd2 Kf7 29. Ke3 h6 30. h3 Bd7 31. Be5 Ke6 32. Bg7 h5 33. g3 Bc6 34. Kd4 Kd6 35. Bf8+ Ke6 36.
Bb4 Kd7 37. Bd2 Kd6 38. Bc1 Ke6 39. Kc5 Kd7 40. Kb6 Kd6 41. Be3 Kd7 42. b4 Kc8 43. b5 axb5 44. cxb5 Bd5 45. a4 Kb8 46. a5 Bc4 47.
Kc5 Bf7 48. Kd6 Bc4 49. b6 Bf1 50. h4 Bd3 51. Ke7 Be2 52. Kf6 Bg4 53. Kxg6 Ka8 54. Kf6 Kb8 55. Ke7 Kc8 56. Bd4 Kb8 57. Kd8 Ka8 58.
Kc7 Be2 59. Be3 Bd3 60. Bf2 Be2 61. Bg1 Bd3 62. Be3 Be2 63. Bf2 Bd3 64. Bc5 Be2 65. Bg1 Bd3 66. g4 fxg4 67. f5 e3 68. Bxe3 Bxf5 69. a6 Be4 70. axb7+ Bxb7 71. Bf2 Bf3 72. Bg3 Be4 73. Bh2 Bf3 74. Bg3 Be4 75. Bf2 Bf3 76.
Kd6 Kb7 77. Ke5 Kc6 78. Kf4 1/2-1/2

[Event "*** SCC Grand Prix: Titled Tuesday Blitz"]
[Site "Chess.com"]
[Date "2020.07.14"]
[Round "4"]
[White "Nf3c5"]
[Black "anpospan"]
[Result "1-0"]
[WhiteElo "2518"]
[BlackElo "2311"]
[TimeControl "180+1"]
[EndTime "10:41:32 PDT"]
[Termination "Nf3c5 won on time"]

1. e4 Nc6 2. Nf3 d6 3. h3 Nf6 4.
Nc3 g6 5. d4 Bg7 6. Be3 O-O 7.
Qd2 e5 8. d5 Ne7 9. O-O-O Nh5 10. g3 a6 11. Be2 b5 12. a3 Bd7 13. Bh6 Qb8 14. Bxg7 Kxg7 15. Nh4 Nf6 16. f4 b4 17. axb4 Qxb4 18. fxe5 dxe5 19. d6 cxd6 20. Qxd6 Qxd6 21. Rxd6 Bb5 22. Bf3 Rfd8 23. Rhd1 Rxd6 24.
Rxd6 Bf1 25. Bg2 Bxg2 26. Nxg2 Nh5 27. Rd3 Nc6 28. Nd5 Nd4 29. Kd1 Rc8 30. c3 Nb3 31. g4 Nf6 32. Nxf6 Kxf6 33. h4 Rc6 34. Ne3 Nc5 35. Nd5+ Ke6 36. Re3 Nxe4 37. Nb4 Rd6+ 38. Ke1 Nc5 39. Nc2 f5 40. b4 Ne4 41. c4 Rc6 42. c5 a5 43. gxf5+ gxf5 44. Ra3 axb4 45. Nxb4 Rxc5 46. Ra6+ Kf7 47. Nd3 Rd5 48. Nb4 Rb5 49.
Nc6 Rb1+ 50. Ke2 Rh1 51. Nxe5+ Kg7 52. Ra7+ Kf6 53. Nd7+ Kg6 54. Nf8+ Kh5 55. Rxh7+ Kg4 56. Ke3 Rh3+ 57. Kd4 Kf4 58. Ng6+ Kf3 59. h5 Rh1 60. h6 Rd1+ 61. Ke5 Ng3 62. Ne7 Re1+ 63. Kf6 f4 64. Rh8 Rh1 65. h7 Ne4+ 66. Kg6 Ke2 67. Nf5 f3 68. Nh6 Rg1+ 69. Kf5 Nd6+ 70. Kf4 Rh1 71. Re8+ 1-0

[Event "*** SCC Grand Prix: Titled Tuesday Blitz"]
[Site "Chess.com"]
[Date "2020.07.14"]
[Round "4"]
[White "JoakimVonAnd"]
[Black "KyrgyzFighter"]
[Result "1-0"]
[WhiteElo "2449"]
[BlackElo "2287"]
[TimeControl "180+1"]
[EndTime "10:41:37 PDT"]
[Termination "JoakimVonAnd won by checkmate"]

1. d4 d6 2. Nf3 Nf6 3. Bf4 Nbd7 4. e3 c6 5. Be2 Qc7 6. h3 e5 7. dxe5 dxe5 8. Bh2 Be7 9. O-O O-O 10. Nbd2 b5 11.
a4 bxa4 12. Nc4 Rd8 13. Qe1 Qb7 14. Nfxe5 Nxe5 15. Bxe5 Be6 16. Rxa4 Nd7 17. Bc3 Nc5 18. Ra1 Ne4 19. Na5 Qb6 20. Nc4 Bxc4 21. Bxc4 Nxc3 22.
Qxc3 Bf6 23. Qb3 Qxb3 24. cxb3 Bxb2 25. Ra6 Rd6 26. Rb1 Be5 27. Rc1 c5 28. Ra5 Bb2 29. Rb1 Rd2 30. Rxc5 Re8 31. Rc7 Rf8 32. Rxa7 g6 33.
Ra2 Bc3 34. Rxd2 Bxd2 35. b4 Rb8 36. b5 Kf8 37. b6 Ba5 38. b7 Ke7 39. Bd5 f5 40.
Ra1 Bc7 41. Kf1 Kd6 42. Rd1 Ke5 43. Ke2 f4 44. exf4+ Kxf4 45. g3+ Kg5 46. Kf3 Rf8+ 47. Kg2 Bb6 48. f4+ Kf6 49. Rb1 Bc7 50. Rc1 Bb8 51.
Rc8 Ke7 52. Kf3 Rd8 53. Be4 Kd7 54. Rxd8+ Kxd8 55. h4 Ke7 56. Kg4 Kf6 57. h5 Bc7 58.
hxg6 hxg6 59. Kf3 Bb8 60. g4 g5 61. fxg5+ Kxg5 62. Bf5 Bc7 63. Ke4 Bb8 64. Kd5 Kf6 65.
Kc6 Ke7 66. g5 Be5 67. g6 Bb8 68. Bb1 Bf4 69. Ba2 Kf6 70. Bb1 Ke7 71. Kd5 Bb8 72. Ke4 Kf6 73. Kf3 Bc7 74. Kg4 Bb8 75. Kh5 Bf4 76.
b8=Q Bxb8 77. Kh6 Be5 78. g7 Kf7 79. Ba2+ Ke7 80. g8=Q Kd6 81. Qe6+ Kc7 82. Qxe5+ Kb6 83. Bg8 Kb7 84. Bh7 Ka6 85. Kg6 Kb6 86. Qd5 Ka6 87. Qc5 Kb7 88. Kf6 Ka6 89. Ke6 Kb7 90. Kd6 Ka6 91. Qb4 Ka7 92. Kc7 Ka8 93. Qb8# 1-0

[Event "*** SCC Grand Prix: Titled Tuesday Blitz"]
[Site "Chess.com"]
[Date "2020.07.14"]
[Round "4"]
[White "malakismayil"]
[Black "plumalka"]
[Result "1-0"]
[WhiteElo "2262"]
[BlackElo "2412"]
[TimeControl "180+1"]
[EndTime "10:41:59 PDT"]
[Termination "malakismayil won by resignation"]

1. e4 c5 2. Nf3 d6 3. d4 Nf6 4.
Nc3 cxd4 5. Nxd4 Bd7 6. Bc4 g6 7. O-O Bg7 8. h3 O-O 9. Bg5 a6 10. a3 b5 11. Bd5 Nxd5 12. Nxd5 f6 13. Be3 e6 14. Nc3 f5 15. exf5 gxf5 16. Nb3 Qe7 17.
f4 Nc6 18. Qd2 Rad8 19. Bb6 Bc8 20. Bxd8 Rxd8 21. Rad1 Bb7 22. Rfe1 Qf7 23. Qe2 e5 24. Nd5 Ne7 25. Nxe7+ Qxe7 26. Nd4 Be4 27. Nf3 exf4 28.
c3 d5 29. Qd2 Qc7 30. Ng5 Re8 31. Nxe4 dxe4 32. Qd5+ Kh8 33. Qxf5 e3 34. Rd7 Qb6 35.
Qxf4 e2+ 36. Qf2 Qc6 37. Rd2 Bf8 38. Qd4+ Bg7 39. Qg4 Re4 40. Qf3 Qc5+ 41. Kh1 Re8 42. Rdxe2 Rf8 43. Qe3 Qf5 44. Qg3 Bh6 45. Qe5+ Qxe5 46.
Rxe5 Rf2 47. R5e2 Rf6 48. g3 Bf8 49. Kg2 Kg7 50. Rf1 Rd6 51. Ref2 Rd8 52. Rxf8 Rxf8 53. Rxf8 Kxf8 54. Kf3 Ke7 55. Ke4 Kd6 56. g4 Kc5 57. Kd3 Kd5 58. h4 Ke5 59. Ke3 Kd5 60. b3 a5 61. Kf4 Ke6 62. g5 Ke7 63. h5 Kf7 64. Kf5 Ke7 65. g6 hxg6+ 66. Kxg6 Kf8 67. h6 Kg8 68. Kf6 Kh7 69. Ke5 Kxh6 70. Kd5 b4 71.
cxb4 axb4 72. axb4 Kg7 73. Kc6 Kf7 74. b5 Ke6 75.
Kc7 Kd5 76. b6 Kd4 77. b7 Kc3 78. b8=Q Kb2 79. b4 1-0

[Event "*** SCC Grand Prix: Titled Tuesday Blitz"]
[Site "Chess.com"]
[Date "2020.07.14"]
[Round "4"]
[White "queen_iryna"]
[Black "onnoelgersma"]
[Result "0-1"]
[WhiteElo "2238"]
[BlackElo "2427"]
[TimeControl "180+1"]
[EndTime "10:42:01 PDT"]
[Termination "onnoelgersma won on time"]

1. d4 d5 2. Nc3 c6 3. e4 dxe4 4. Nxe4 Nf6 5. Nxf6+ exf6 6. c3 Bd6 7. Bd3 O-O 8. Ne2 Re8 9. Be3 Nd7 10. Qc2 Nf8 11.
O-O Be6 12. Ng3 Bxg3 13. hxg3 a5 14. Rfe1 Qd7 15. Rad1 a4 16. c4 b5 17. cxb5 cxb5 18. Qe2 Bg4 19. f3 Bf5 20. Bxb5 Rxe3 21. Bxd7 Rxe2 22.
Bxf5 Rxb2 23. d5 g6 24. Bb1 Rd8 25. Re4 Rdb8 26. Ree1 Rd8 27. Re4 a3 28. d6 Rb6 29.
Red4 Ne6 30. R4d3 Rdb8 31. Bc2 Nc5 32. R3d2 Rb2 33. Be4 Rxd2 34. Rxd2 Rd8 35. Kf2 f5 36. Bc6 Kg7 37. Rd5 Ne6 38. d7 Kf6 39. Ra5 Nd4 40. Ba4 Ne6 41. Ke3 Ke7 42. Bc6 Rb8 43. Rxa3 Nd8 44.
Ba4 Ra8 45. Ke2 Nb7 46. Re3+ Kf6 47. Re8 Rxa4 48. d8=Q+ Nxd8 49. Rxd8 Rxa2+ 50. Kf1 h5 51. Rd6+ Kg7 52. f4 Ra3 53. Kf2 Ra2+ 54. Kg1 Kg8 55.
Kh2 Kf8 56. Kh3 Ke7 57. Rb6 f6 58. Rb7+ Kf8 59. Rc7 Ra6 60. Kh2 Re6 61. Rb7 Re7 62. Rb8+ Kg7 63. Rb6 Rf7 64. Rc6 g5 65. Rc5 Kg6 66.
Rb5 gxf4 67. gxf4 Re7 68. g3 Re3 69. Kh3 Re1 70. Rb8 Rh1+ 71. Kg2 Ra1 72. Rg8+ Kf7 73. Rh8 Kg6 74. Rg8+ Kh7 75. Rf8 Kg7 76. Rc8 Ra4 77. Rc7+ Kg6 78. Kh3 Ra1 79. Rc8 Rf1 80. Kg2 Re1 81. Kh3 Re4 82. Rg8+ Kf7 83. Rh8 Kg6 84.
Rg8+ Kh7 85. Rf8 Kg7 86. Rc8 Re1 87. Rc7+ Kg6 88. Rc8 h4 89. gxh4 Re3+ 90. Kg2 Kh5 91.
Rh8+ Kg4 92. h5 Re2+ 93. Kf1 Rh2 94. h6 Kxf4 95. h7 Kf3 96. Kg1 Rh6 0-1

[Event "*** SCC Grand Prix: Titled Tuesday Blitz"]
[Site "Chess.com"]
[Date "2020.07.14"]
[Round "4"]
[White "amintabatabaei"]
[Black "Angry_Twin"]
[Result "1-0"]
[WhiteElo "3019"]
[BlackElo "2764"]
[TimeControl "180+1"]
[EndTime "10:42:03 PDT"]
[Termination "amintabatabaei won on time"]

1. e4 c5 2. Nc3 d6 3. Nge2 a6 4. g3 e5 5. Bg2 g6 6. O-O Bg7 7. a3 Nc6 8. d3 Nge7 9. f4 O-O 10. Be3 Nd4 11. Qd2 b5 12. Nd1 Bg4 13. Nc1 Qd7 14. c3 Ndc6 15. Nf2 Be6 16. b4 c4 17. Rd1 cxd3 18.
Ncxd3 Qc7 19. a4 Bb3 20. Rdb1 Bxa4 21. Ra3 a5 22. Nb2 axb4 23. cxb4 Nd4 24. Nxa4 Rxa4 25.
Rxa4 bxa4 26. Nd3 Rb8 27. Bxd4 exd4 28. Rc1 Qb6 29. Qa2 Qb5 30. Bf1 Qb7 31. Bg2 Qb5 32. Bf1 Qb7 33. Qxa4 Qxe4 34. Re1 Qb7 35. Bg2 Qc7 36. Rc1 Qd8 37. Qa7 Bf6 38. Re1 Kg7 39.
Re2 Qf8 40. g4 h6 41. h4 Bxh4 42. Qxd4+ Bf6 43. Qxd6 Rd8 44. Qa6 Nd5 45. Qc4 Nc3 46. Rd2 Qd6 47. g5 Bd4+ 48. Kf1 hxg5 49. Ne5 Qf6 50. Rxd4 Rxd4 51. Qxd4 Nb5 52. Qc5 Qxf4+ 53. Kg1 Nd4 54. Bf1 Qe3+ 55. Kg2 Qe4+ 56. Kf2 Qf4+ 57. Kg2 Qe4+ 58. Kf2 Qf4+ 59. Ke1 Qe3+ 60. Kd1 Qb3+ 61. Kd2 Ne6 62. Qc3 Qa2+ 63. Kc1 Kg8 64.
Nd3 g4 65. Nb2 Qa7 66. Bc4 Qg1+ 67. Kc2 g3 68. Bxe6 fxe6 69. Qc8+ Kf7 70. Qc7+ Kf6 71. Qf4+ Kg7 72. Qe5+ Kf7 73. Qc7+ Kg8 74. Qc8+ Kh7 75. Qd7+ Kh6 76. Qd2+ g5 77. Nd3 Qf1 78. Ne1 Kh5 79. Ng2 Qf2 80. b5 Qf3 81. Kb2 Kg6 82. b6 Kg7 83. Qc2 Kf7 84. Qc7+ Kf6 85. Qc3+ Qxc3+ 86. Kxc3 1-0

[Event "*** SCC Grand Prix: Titled Tuesday Blitz"]
[Site "Chess.com"]
[Date "2020.07.14"]
[Round "4"]
[White "Agnes66678"]
[Black "MVM2008"]
[Result "1-0"]
[WhiteElo "2420"]
[BlackElo "2235"]
[TimeControl "180+1"]
[EndTime "10:42:03 PDT"]
[Termination "Agnes66678 won by resignation"]

1. Nf3 Nf6 2. g3 d5 3. Bg2 g6 4. O-O Bg7 5. d4 O-O 6. c4 c6 7. b3 Nbd7 8. Bb2 Re8 9. Nc3 Nf8 10. e3 b6 11. Qe2 Bb7 12. Rfd1 Rc8 13. Rac1 e6 14. e4 dxe4 15. Nxe4 Nxe4 16. Qxe4 Nd7 17. Ne5 Nf6 18. Qf3 Qc7 19. c5 b5 20. h4 h5 21. Re1 Nd5 22. Rcd1 Qe7 23. Qe2 Qc7 24. f4 Kh7 25. Kh2 Re7 26. Qd3 Rce8 27. Bc1 f5 28. Bf3 Bc8 29. Bd2 a6 30. a4 Kh6 31. Ra1 Kh7 32. axb5 axb5 33. Ra8 Bb7 34. Ra7 Ra8 35. Rea1 Qb8 36. Rxa8 Bxa8 37. Qb1 Qd8 38. Qa2 Re8 39.
Ba5 Nc7 40. Qg2 Qxd4 41. Rd1 Qxc5 42. Bxc7 Rc8 43. Bd6 Qb6 44. b4 Re8 45. Bc5 Qc7 46. Qe2 Bxe5 47. Qxe5 Qc8 48. Rd6 Qa6 49. Rxe6 Qa2+ 50.
Bg2 Qxe6 51. Qc7+ Kg8 52. Bd4 Qf7 53. Qd6 Qe6 54. Qc7 Qf7 55. Qb6 Qe6 56. Be5 Qf7 57. Qc5 Qe6 58. Bf3 Qf7 59. Qc3 Bb7 60. Bd1 Bc8 61.
Qxc6 Be6 62. Bf3 Qd7 63. Qc5 Qd2+ 64. Bg2 Rd8 65. Qc7 Qd7 66. Qb6 Bd5 67. Qxg6+ Kf8 68.
Qxh5 Bxg2 69. Qh6+ Kf7 70. Qf6+ Ke8 71. Kxg2 Qd2+ 72.
Kh3 Qd5 73. Qh8+ Kd7 74. Qg7+ Ke6 75. Qf6+ Kd7 76. Qxf5+ Qe6 77. Qxe6+ Kxe6 78. g4 Rd3+ 79. Kg2 Kd5 80. h5 Ke4 81. h6 Rd2+ 82. Kh3 Rd3+ 83. Kh4 Rd8 84. h7 Rd1 85. h8=Q Rh1+ 86. Kg5 Rxh8 87. Bxh8 Kd5 88. Bc3 Kc4 89. Be1 1-0